 Dungeon Crawl Stone Soup version 0.29.1-1-gd02db6906a (webtiles) character file.

Game seed: 16793475888881155330

44 xian the Sneak (level 3, -5/24 HPs)
             Began as an Octopode Brigand on Sept 29, 2022.
             Killed from afar by an orc wizard (8 damage)
             ... with a puff of flame
             ... on level 3 of the Dungeon.
             The game lasted 00:03:31 (1517 turns).

xian the Sneak (Octopode Brigand)                   Turns: 1517, Time: 00:03:31

Health: -5/24      AC:  1    Str: 12    XL:     3   Next: 60%
Magic:  3/3        EV: 12    Int: 13    God:
Gold:   124        SH:  0    Dex: 13    Spells: 2/2 levels left

rFire   . . .      SeeInvis .   a - +2 dagger
rCold   . . .      Faith    .   (no shield)
rNeg    . . .      Spirit   .   (helmet restricted)
rPois   .          Reflect  .   (no amulet)
rElec   .          Harm     .   (no ring)
rCorr   .          Rampage  .   (no ring)
Will    .....                   (no ring)
Stlth   ++++......              (no ring)
HPRegen 0.08/turn               (no ring)
MPRegen 0.08/turn               (no ring)
                                (no ring)
                                (no ring)

@: no status effects
A: almost no armour, amphibious, 8 rings, camouflage 1, gelatinous body 1,
(nimble swimmer 1), tentacles
a: no special abilities


You were on level 3 of the Dungeon.
You visited 1 branch of the dungeon, and saw 3 of its levels.

You collected 124 gold pieces.

Inventory:

Hand Weapons
 a - a +2 dagger (weapon)
Missiles
 b - 9 poisoned darts (quivered)
 c - 3 curare-tipped darts
Scrolls
 d - a scroll of fog {unknown}
 e - a scroll of enchant armour {unknown}
 f - a scroll of poison {unknown}
 g - a scroll of immolation {unknown}
 h - a scroll of teleportation {unknown}
 i - 3 scrolls of identify {unknown}
Potions
 j - a potion of attraction {unknown}


   Skills:
 + Level 2.3 Fighting
 + Level 2.3 Short Blades
 + Level 2.0 Throwing
 + Level 1.0 Dodging
 + Level 6.6 Stealth


You had 2 spell levels left.
You didn't know any spells.
Your spell library contained the following spells:

 Spells                   Type           Power      Damage    Failure   Level
 Magic Dart               Conj           0%         1d3       30%         1
 Searing Ray              Conj           0%         2d4       43%         2
 Fulminant Prism          Conj/Hex       0%         3d6       97%         4


Dungeon Overview and Level Annotations

Branches:
Dungeon (3/15)

Altars:


Innate Abilities, Weirdness & Mutations

You cannot wear most types of armour.
You are amphibious.
You can wear up to eight rings at the same time.
Your skin changes colour to match your surroundings (Stealth+).
Your rubbery body absorbs attacks. (AC +1, EV +1)
((You are camouflaged when in or above water. (Stealth+)))
You have tentacles for arms and can constrict up to eight enemies at once.


Message History

The orc shouts!
Your squeeze misses the orc wizard.
You bump into the rock wall.
The orc wizard barely misses you.
You're too confused to move!
The orc wizard casts a spell at you. You resist with significant effort.
You bump into the rock wall.
The orc wizard closely misses you.
Unknown command.
You bump into the rock wall.
The orc wizard barely misses you.
You bump into the rock wall.
You feel less confused.
The orc wizard hits you with a +0 dagger.
You hit the orc wizard but do no damage.
Your grab misses the orc wizard. You squeeze the orc wizard.
The orc wizard is moderately wounded.
The orc wizard casts a spell at you. The magic dart hits you!
The orc shouts!
You hit the orc wizard. Your grab misses the orc wizard.
The orc wizard is heavily wounded.
The orc wizard hits you with a +0 dagger.
You hit the orc wizard. You grab the orc wizard.
The orc wizard is heavily wounded.
You constrict the orc wizard.
The orc wizard hits you with a +0 dagger.
You hit the orc wizard but do no damage.
The orc wizard is heavily wounded.
You constrict the orc wizard.
The orc wizard hits you with a +0 dagger.
* * * LOW HITPOINT WARNING * * *
You hit the orc wizard.
The orc wizard is almost dead.
You constrict the orc wizard.
The orc wizard hits you with a +0 dagger.
* * * LOW HITPOINT WARNING * * *
Unknown command.
You release your grip on the orc wizard.
The orc wizard points at you and mumbles some strange words.
The puff of flame hits you!
You die...

#.......#
+.......#
#.......#
##.......#
#.....ooo#
#.###+#o##
#o# #.#
#@# #<#
###


You could see an orc wizard and 4 orcs.

Vanquished Creatures
  An adder (D:2)
  A dart slug (D:1)
  9 ball pythons
  4 bats
  An endoplasm (D:1)
  4 hobgoblins
  A kobold (D:1)
  A quokka (D:2)
  A frilled lizard (D:1)
  A goblin (D:2)
  7 rats
31 creatures vanquished.

Notes
Turn   | Place    | Note
-------+----------+-------------------------------------------
     0 | D:1      | xian the Octopode Brigand began the quest for the Orb.
     0 | D:1      | Reached XP level 1. HP: 14/14 MP: 1/1
    70 | D:1      | Reached XP level 2. HP: 17/19 MP: 2/2
   258 | D:1      | Reached skill level 6 in Stealth
   967 | D:2      | Reached XP level 3. HP: 24/24 MP: 3/3
  1517 | D:3      | Killed from afar by an orc wizard

Illustrated notes

Levels and vault maps discovered:
D:1:      enne_arrival_octagon_isle, layout_loops_cross
D:2:      layout_loops_ring, small_statue_intersection
D:3:      layout_basic, chequers_ecumenical_altar_island

Skill      XL: |  1  2 |
---------------+-------+-----
Stealth        | 6 |  6.6
Fighting       | |  2.3
Short Blades   | |  2.3
Throwing       | |  2.0
Dodging        | |  1.0

Action                   || total
-------------------------++-------
Melee: Dagger            ||    49
       Tentacles         ||     8
       Constrict         ||     7
 Stab: Sleeping          ||    13
       Distracted        ||     1
Armor: Skin              ||     6
Dodge: Dodged            ||    32
